 Dungeon Crawl Stone Soup version 0.29.1-15-g9cfb28693d (webtiles) character file.

Game seed: 3513497843663897029

749476 redmage the Metallomancer (level 27, -1/266 (291) HPs)
             Began as a Meteoran Earth Elementalist on Sept 14, 2023.
             Was the Champion of Sif Muna.
             Slain by a freezing wraith (4 damage)
             ... on level 6 of Cocytus on Sept 16, 2023.
             The game lasted 08:29:23 (16009 turns).

redmage the Metallomancer (MeEE)                   Turns: 16009, Time: 08:29:26

HP:   -1/266 (291)  AC: 37    Str: 16 (17) XL:     27
MP:   33/51         EV: 29    Int: 32 (33) God:    Sif Muna [******]
Gold: 1910          SH: 10    Dex: 24      Spells: 3/72 levels left

rFire   . . .      SeeInvis +   n - staff of earth
rCold   + + .      Faith    .   P - +3 warlock's mirror {reflect}
rNeg    + . .      Spirit   .   (body armour currently unavailable)
rPois   ∞          Reflect  +   h - +2 helmet {Int+3}
rElec   +          Harm     .   V - +2 cloak
rCorr   .          Rampage  .   (gloves currently unavailable)
Will    +++++                   (boots currently unavailable)
Stlth   +.........              T - amulet of regeneration
HPRegen 1.34/turn               S - ring "Fuasaarr" {rC+ EV+4 Str+3}
MPRegen 0.32/turn               a - ring of Topusa {rC+ Will+ Int+4 Dex+6 SInv}

@: about to teleport, statue-form, death channelling, glowing, studying 2
skills, drained, unable to drink, very slow
A: slow and powerful, torment resistance 1, boosted hp, sense surroundings 3,
otherworldly, glowing, explore regen, deterioration 1, strong-willed 1
}: 11/15 runes: serpentine, barnacled, slimy, silver, obsidian, abyssal,
demonic, glowing, magical, fiery, dark
a: End Transformation, Renounce Religion, Channel Magic, Forget Spell, Divine
Exegesis


You were on level 6 of Cocytus.
You worshipped Sif Muna.
Sif Muna was exalted by your worship.
You were a living statue of rough stone.
You visited 12 branches of the dungeon, and saw 56 of its levels.
You visited Pandemonium 1 time, and saw 14 of its levels.
You visited the Abyss 1 time.
You visited 1 ziggurat, and saw 11 of its levels.
You also visited: Ossuary.

You collected 6480 gold pieces.
You spent 4570 gold pieces at shops.

Inventory:

Hand Weapons
 w - the +7 lajatang of Order {silver, rMut}
   (You found it on level 5 of the Vaults)

   It inflicts extra damage upon those it strikes, and deals substantially
   increased damage to chaotic, mutated and magically transformed beings.
   rMut:      It protects you from mutation.
 M - the +1 broad axe "Rowar" {vamp, rC++ rN+ Dex-4 Stlth+}
   (You found it in Pandemonium)

   It occasionally heals its wielder for a portion of the damage dealt when it
   wounds a living foe.
   Dex:       It affects your dexterity (-4).
   rC:        It greatly protects you from cold.
   rN:        It protects you from negative energy.
   Stlth:     It makes you more stealthy.
Missiles
 D - 2 throwing nets
 H - 15 curare-tipped darts
Armour
 h - a +2 helmet of intelligence (worn)
 k - the +1 pair of gloves "Huyces" (melded) {Int+5}
   (You found it on level 3 of the Dungeon)

   Int:       It affects your intelligence (+5).
 o - a +1 pair of boots (melded)
 G - a +1 troll leather armour (melded)
 O - the +5 robe of Night {Dark Will+ SInv}
   (You took it off a deep elf demonologist on level 5 of the Vaults)

   It shrouds the wearer in darkness, reducing the range at which they can see
   and be seen by others.
   SInv:      It lets you see invisible.
   Will:      It increases your willpower.
 P - the +3 warlock's mirror (worn) {reflect}
   (You found it on level 5 of the Pits of Slime)

   It can block and reflect piercing ranged attacks and magical attacks against
   the wielder's willpower.
 V - a +2 cloak (worn)
Magical Staves
 i - a staff of air
 n - a staff of earth (weapon)
 v - a staff of conjuration
Jewellery
 a - the ring of Topusa (right fist) {rC+ Will+ Int+4 Dex+6 SInv}
   (You bought it in a shop on level 3 of the Dungeon)

   [ring of dexterity]

   Int:       It affects your intelligence (+4).
   Dex:       It affects your dexterity (+6).
   rC:        It protects you from cold.
   SInv:      It lets you see invisible.
   Will:      It increases your willpower.
 l - a ring of wizardry
 K - the ring of Zitoil {rF+ MP+9 Str-5 Dex+4}
   (You found it on level 5 of the Pits of Slime)

   [ring of protection from fire]

   Str:       It affects your strength (-5).
   Dex:       It affects your dexterity (+4).
   rF:        It protects you from fire.
   MP:        It affects your magic capacity (+9).
 N - the amulet "Vuwnywna" {RegenMP Dex+5}
   (You took it off a balrug in Pandemonium)

   [amulet of magic regeneration]

   It increases your rate of magic regeneration.
   Dex:       It affects your dexterity (+5).
 S - the ring "Fuasaarr" (left fist) {rC+ EV+4 Str+3}
   (You found it in Pandemonium)

   [ring of evasion]

   EV:        It affects your evasion (+4).
   Str:       It affects your strength (+3).
   rC:        It protects you from cold.
 T - an amulet of regeneration (around neck)
 U - the ring "Elipt" {Will+ rCorr}
   (You found it on level 4 of a ziggurat)

   [ring of resist corrosion]

   rCorr:     It protects you from acid and corrosion.
   Will:      It increases your willpower.
Wands
 j - a wand of light (14)
 L - a wand of mindburst (16)
 R - a wand of digging (1)
Scrolls
 e - 20 scrolls of teleportation
 q - 6 scrolls of blinking
 u - 11 scrolls of butterflies
 y - 2 scrolls of silence
 z - 6 scrolls of fear
 A - 3 scrolls of magic mapping
 I - 5 scrolls of enchant weapon
 J - a scroll of identify
 W - 3 scrolls of summoning
 Z - 4 scrolls of immolation
Potions
 b - 7 potions of magic
 c - 4 potions of mutation
 d - 2 potions of heal wounds
 f - 3 potions of brilliance
 g - 19 potions of curing
 p - 2 potions of resistance
 r - 6 potions of might
 t - 2 potions of ambrosia
 x - 3 potions of berserk rage
 C - 9 potions of haste
 E - 7 potions of lignification
 X - a potion of cancellation
Miscellaneous
 m - a phantom mirror
 B - a tin of tremorstones (2/2)
 Q - a condenser vane


   Skills:
 - Level 14.0 Fighting
 + Level 11.4 Staves
 - Level 3.0 Armour
 - Level 15.1 Dodging
 - Level 1.4 Stealth
 - Level 6.0 Shields
 - Level 12.0 Unarmed Combat
 + Level 23.3 Spellcasting
 - Level 8.0 Conjurations
 - Level 17.0 Necromancy
 - Level 8.0 Translocations
 - Level 14.0 Transmutations
 - Level 6.0 Ice Magic
 - Level 18.0 Air Magic
 - Level 24.0 Earth Magic
 - Level 8.0 Poison Magic
 - Level 12.0 Invocations


You had 3 spell levels left.
You knew the following spells:

 Your Spells              Type           Power      Damage    Failure   Level
a - Borgnjor's Vile Clut  Necr/Erth      64%        N/A       0%          5
b - Passwall              Tmut/Erth      100%       N/A       0%          2
c - Shatter               Erth           68%        3d50*     5%          9
d - Infestation           Necr           49%        N/A       6%          8
e - Freezing Cloud        Conj/Ice/Air   40%        6-21      1%          5
g - Death Channel         Necr           49%        N/A       1%          6
h - Iron Shot             Conj/Erth      59%        9d11      1%          6
i - Maxwell's Capacitive  Air            50%        ∞         4%          8
j - Blink                 Tloc           100%       N/A       1%          2
q - Apportation           Tloc           100%       N/A       1%          1
w - Storm Form            Tmut/Air       48%        N/A       1%          7
x - Statue Form           Tmut/Erth      84%        N/A       1%          6
z - Passage of Golubria   Tloc           73%        N/A       1%          4

Your spell library contained the following spells:

 Spells                   Type           Power      Damage    Failure   Level
 Beastly Appendage        Tmut           100%       N/A       0%          1
 Necrotise                Necr           100%       1d9       0%          1
 Sandblast                Erth           100%       2d20      0%          1
 Shock                    Conj/Air       100%       1d9       0%          1
 Sting                    Tmut/Pois      100%       1d8       0%          1
 Poisonous Vapours        Pois/Air       100%       N/A       0%          2
 Static Discharge         Conj/Air       88%        3-14/arc  0%          2
 Sublimation of Blood     Necr           98%        N/A       0%          2
 Wereblood                Tmut           91%        N/A       0%          2
 Stone Arrow              Conj/Erth      100%       3d13      0%          3
 Swiftness                Air            100%       N/A       0%          3
 Vampiric Draining        Necr           98%        2d13      0%          3
 Foxfire                  Conj/Fire      100%       2x1d9     1%          1
 Freeze                   Ice            100%       1d11      1%          1
 Magic Dart               Conj           100%       1d8       1%          1
 Slow                     Hex            100%       N/A       1%          1
 Summon Small Mammal      Summ           100%       N/A       1%          1
 Call Imp                 Summ           37%        N/A       1%          2
 Ensorcelled Hibernation  Hex/Ice        100%       N/A       1%          2
 Searing Ray              Conj           100%       2d8       1%          2
 Conjure Flame            Conj/Fire      58%        6-21      1%          3
 Dazzling Flash           Conj/Hex       100%       N/A       1%          3
 Frozen Ramparts          Ice            100%       1d16      1%          3
 Gell's Gravitas          Tloc           73%        N/A       1%          3
 Ignite Poison            Fire/Tmut/Pois 71%        N/A       1%          3
 Lesser Beckoning         Tloc           73%        N/A       1%          3
 Mephitic Cloud           Conj/Pois/Air  83%        N/A       1%          3
 Ozocubu's Armour         Ice            66%        N/A       1%          3
 Portal Projectile        Hex/Tloc       100%       N/A       1%          3
 Spider Form              Tmut/Pois      82%        N/A       1%          3
 Teleport Other           Tloc           73%        N/A       1%          3
 Call Canine Familiar     Summ           37%        N/A       3%          3
 Confusing Touch          Hex            37%        N/A       3%          3
 Inner Flame              Hex/Fire       37%        N/A       3%          3
 Summon Guardian Golem    Hex/Summ       37%        N/A       3%          3
 Tukima's Dance           Hex            37%        N/A       3%          3
 Airstrike                Air            50%        2d(8-24)  0%          4
 Animate Dead             Necr           98%        N/A       0%          4
 Dispel Undead            Necr           98%        3d31      0%          4
 Petrify                  Tmut/Erth      100%       N/A       0%          4
 Lee's Rapid Deconstruct  Erth           68%        3d32*     0%          5
 Anguish                  Hex/Necr       37%        N/A       1%          4
 Animate Armour           Summ/Erth      100%       N/A       1%          4
 Corpse Rot               Necr/Pois/Air  92%        N/A       1%          4
 Flame Wave               Conj/Fire      58%        2d14      1%          4
 Fulminant Prism          Conj/Hex       29%        3d14      1%          4
 Hailstorm                Conj/Ice       70%        3d15      1%          4
 Ice Form                 Ice/Tmut       79%        N/A       1%          4
 Iskenderun's Mystic Bla  Conj/Tloc      73%        2d15      1%          4
 Leda's Liquefaction      Hex/Erth       53%        N/A       1%          4
 Sticky Flame             Conj/Fire      58%        2d7       1%          4
 Summon Lightning Spire   Summ/Air       76%        N/A       1%          4
 Agony                    Necr           98%        N/A       1%          5
 Alistair's Intoxication  Tmut/Pois      54%        N/A       1%          5
 Blade Hands              Tmut           45%        N/A       1%          5
 Irradiate                Conj/Tmut      41%        3d25      1%          5
 Iskenderun's Battlesphe  Conj           73%        2d12      1%          5
 Lightning Bolt           Conj/Air       44%        1d63      1%          5
 Manifold Assault         Tloc           73%        N/A       1%          5
 Silence                  Hex/Air        38%        N/A       1%          5
 Yara's Violent Unravell  Hex/Tmut       35%        3d14      1%          5
 Conjure Ball Lightning   Conj/Air       44%        3x3d15    1%          6
 Eringya's Noxious Bog    Tmut/Pois      41%        N/A       1%          6
 Simulacrum               Ice/Necr       42%        N/A       1%          6
 Dragon Form              Tmut           45%        N/A       2%          7
 Fireball                 Conj/Fire      29%        3d13      5%          5
 Summon Forest            Summ/Tloc      29%        N/A       5%          5
 Dispersal                Tloc           36%        N/A       5%          6
 Borgnjor's Revivificati  Necr           49%        N/A       6%          8
 Metabolic Englaciation   Hex/Ice        27%        N/A       8%          5
 Lehudib's Crystal Spear  Conj/Erth      59%        10d14     9%          8
 Cause Fear               Hex            18%        N/A       10%         4
 Necromutation            Tmut/Necr      47%        N/A       11%         8
 Haunt                    Necr/Summ      37%        N/A       26%         7
 Starburst                Conj/Fire      29%        6d9       28%         6
 Orb of Destruction       Conj           36%        9d11      30%         7
 Ozocubu's Refrigeration  Ice            33%        4d14      56%         7
 Death's Door             Necr           49%        N/A       67%         9
 Summon Cactus Giant      Summ           18%        N/A       83%         6
 Malign Gateway           Summ/Tloc      29%        N/A       85%         7
 Spellforged Servitor     Conj/Summ      29%        N/A       85%         7
 Disjunction              Tloc           36%        N/A       94%         8
 Chain Lightning          Conj/Air       44%        3d58      99%         9
 Summon Hydra             Summ           18%        N/A       100%        7
 Discord                  Hex            18%        N/A       100%        8
 Ignition                 Fire           18%        3d7       100%        8
 Dragon's Call            Summ           18%        N/A       100%        9
 Fire Storm               Conj/Fire      29%        8d7       100%        9


Dungeon Overview and Level Annotations

Branches:
Dungeon (15/15) Zot: 4417  Temple (1/1) D:7 Zot: 553    Lair (5/5) D:8 Zot: 597
 Shoals (4/4) Lair:3 Zot: 1822   Snake (4/4) Lair:3 Zot: 1536   Slime (5/5) Lair:4 Zot: 2464
    Orc (2/2) D:11 Zot: 257  Vaults (5/5) D:14 Zot: 1519   Crypt (0/3) Vaults:3
 Depths (3/4) D:15 Zot: 1068    Hell (visited)             Geh (7/7) Hell Zot: 6319
    Coc (6/7) Hell Zot: 6319 Ossuary (visited)
    Elf: Orc:2          Dis: Hell:1         Tar: Hell:1

Altars:
Ashenzari
Dithmenos
Elyvilon
Fedhas
Gozag
Hepliaklqana
Kikubaaqudgha
Makhleb
Okawaru
Qazlal
Ru
Sif Muna
Trog
Uskayaw
Vehumet
Wu Jian
Xom
Yredelemnul
Zin
The Shining One
Jiyva
Lugonu

Shops:
D:3 =   D:5 ?   D:7 :*   D:14 :   Orc:2 :*[(   Shoals:2 ?   Snake:2 *
Snake:3 [   Vaults:3 *   Vaults:5 (   Depths:1 *   Depths:2 ?((

Portals:
Hell: Depths:1 Depths:2 Depths:3
Abyss: Lair:5 Depths:3
Pandemonium: Depths:2

Annotations:
D:3 Natasha
D:4 exclusion: upstairs
D:5 exclusion: upstairs
D:6 exclusion: upstairs
D:7 exclusion: upstairs
D:8 exclusion: upstairs
D:10 exclusion: upstairs
D:11 exclusion: upstairs
D:12 exclusion: 2 upstairs
D:13 exclusion: upstairs
D:14 exclusion: upstairs
Temple 2 transporters


Innate Abilities, Weirdness & Mutations

You are a living statue of rough stone.
Your actions are slow, but your melee attacks are powerful.
You are resistant to unholy torment.
Your maximum health is greatly increased.
You are immune to poison.
Your equipment is partially melded.
You passively map a large area around you.
You are easily found by Zot.
You glow in the dark.
You regain HP and MP as you explore.
Your body sometimes deteriorates upon taking damage.
You are strong-willed. (Will+)


Message History

Confirm with . or Enter, or press ? or * to list all spells.
Aiming: Iron Shot (mildly dangerous; 1% risk of failure)
Press: ? - help, Shift-Dir - straight line, f - freezing wraith
Aim: a freezing wraith (water, ally target, 79% to hit)
Okay, then.
Unknown command.
Unknown command.
Unknown command.
Okay, then.
Unknown command.
Casting: Iron Shot (mildly dangerous; 1% risk of failure)
Confirm with . or Enter, or press ? or * to list all spells.
Okay, then.
Unknown command.
Okay, then.
Casting: Iron Shot (mildly dangerous; 1% risk of failure)
Confirm with . or Enter, or press ? or * to list all spells.
Okay, then.
Unknown command.
Unknown command.
As you read the scroll of teleportation, it crumbles to dust.
You feel strangely unstable.
The water elemental disappears in a puff of smoke!
Your death scarab bites the titan but does no damage.
The shard shrike simulacrum claws you!
* * * LOW HITPOINT WARNING * * *
The shard shrike simulacrum freezes you!
You resist.
* * * LOW HITPOINT WARNING * * *
The shard shrike simulacrum claws you but does no damage. x2
The water elemental is engulfed in freezing vapours.
Your spectral wendigo barely misses the freezing wraith.
Your spectral wendigo bites the freezing wraith but does no damage.
The elemental wellspring is engulfed in freezing vapours.
A torrent of water rises up through the elemental wellspring!
The torrent of water hits you!!!
* * * LOW HITPOINT WARNING * * *
The wave splashes down.
You block the freezing wraith's attack. The freezing wraith hits you.
You die...

~ ~ , * ~~ ~
E~~∩§E≈~##≈≈≈≈≈≈ ,
E§§§E≈≈≈≈≈≈≈~≈≈≈ ~ ~
~§E§.~EB....≈≈≈≈ *
~~ ~
~EE§EEBB..C°≈≈≈≈ * *
~ ~E§§EE≈≈≈BE~≈≈≈≈~
* ~§§§E≈≈Z≈≈~E~≈≈≈ ~
* ~~ *~
~E.1.~~WZ≈≈≈~≈≈≈ ~~~
~ ~ E≈E.^~~8E≈≈≈≈.≈≈
~ ~~≈≈≈≈≈~~Z..≈≈≈≈≈
~ **
~.≈≈≈≈≈Z≈≈....≈≈≈ ~~
* ~ ~
.≈≈≈≈≈≈≈≈^...≈≈≈ ~ ~
*~ * ~
,.≈≈≈≈≈≈≈....≈≈≈≈ ~
~ .≈≈≈≈≈≈....≈≈≈≈≈ ~
~ **
,..≈≈≈≈.....≈≈≈≈≈
~**
~~,≈.≈≈≈≈...≈≈≈≈#≈≈~
* ~ ~ , ~


You could see a titan (distracted, slow, drained, ally target), an Ice Fiend, 7
elemental wellsprings, a freezing wraith (ally target), 13 water elementals, a
shard shrike simulacrum, a friendly spectral Ice Fiend, 2 friendly spectral
wendigos and 4 friendly death scarabs.

Vanquished Creatures
  Cerebov (Pan)
  Asmodeus (Geh:7)
  Gloorx Vloq (Pan)
  Mnoleg (Pan)
  Lom Lobon (Pan)
  3 dread liches
  5 golden dragons
  A pearl dragon (Abyss:4)
  9 Brimstone Fiends
  3 hellephants
  2 Ice Fiends
  3 tentacled monstrosities
  A Hell Sentinel (Pan)
  3 liches
  A walking divine tome (Zig:5)
  9 searing wretches
  3 titans (Vaults:5)
  2 tentacled starspawn
  10 acid blobs
  14 Executioners (Pan)
  A sphinx (Vaults:5)
  2 storm dragons
  A pandemonium lord (Pan)
  5 tengu reavers
  3 shadow dragons
  8 nagarajas (Snake:4)
  9 rockslimes
  A revenant (Abyss:4)
  3 azure jellies
  5 fire giants
  An orc warlord (Orc:2)
  2 demonspawn warmongers (Pan)
  2 narguns
  A deep elf sorcerer (Vaults:5)
  6 vault wardens
  9 frost giants
  5 cacodemons
  17 balrugs
  Louise (Depths:3)
  2 iron dragons
  2 reapers
  3 demonspawn blood saints (Pan)
  5 stone giants
  6 very ugly things
  A war gargoyle (Vaults:5)
  2 curse skulls (Pan)
  7 ironbound preservers
  A spriggan defender (Depths:1)
  A juggernaut skeleton (Pan)
  A demonspawn black sun (Pan)
  5 elemental wellsprings
  7 quicksilver oozes
  Nessos (Orc:2)
  3 deep elf annihilators
  5 lorocyprocas (Pan)
  A deep elf demonologist (Vaults:5)
  5 spark wasps
  2 wendigos
  A deep elf death mage (Zig:8)
  11 ettins
  A quicksilver dragon zombie (Depths:3)
  2 blizzard demons
  2 green deaths
  6 merfolk javelineers
  2 fire dragons
  An eidolon (Zig:5)
  8 yaktaur captains
  8 merfolk impalers
  Harold (D:9)
  3 boulder beetles
  2 caustic shrike simulacra
  3 rakshasas
  6 great orbs of eyes
  Erolcha (Orc:1)
  A merfolk avatar (Shoals:4)
  An ice dragon (Depths:1)
  3 salamander tyrants
  25 vault guards (Vaults:5)
  3 spriggan air magi
  A merfolk aquamancer (Shoals:4)
  4 naga warriors
  A satyr (Shoals:3)
  An anaconda (shapeshifter) (Vaults:5)
  A two-headed ogre (D:14)
  4 hydras
  An alligator snapping turtle (Zig:11)
  4 centaur warriors
  An ironbound frostheart (Vaults:3)
  7 anacondas
  4 stokers
  4 deep troll earth magi
  2 dancing weapons (Zig:8)
  A deep troll shaman (Depths:3)
  3 tengu warriors
  2 alligators (Lair:3)
  4 orc high priests (Orc:2)
  12 hell hogs
  6 thrashing horrors
  A quicksilver ooze zombie (Slime:5)
  40 sun demons
  8 naga sharpshooters
  A shock serpent (shapeshifter) (Vaults:5)
  9 shock serpents
  5 skeletal warriors (D:13)
  2 spriggan berserkers (Depths:2)
  Amaemon (D:8)
  3 salamander mystics
  4 shadow wraiths
  4 soul eaters
  6 hell knights
  2 iron trolls (Depths:1)
  23 large abominations
  A goliath frog (Lair:3)
  10 sixfirhies
  A golden dragon zombie (Depths:2)
  A quicksilver dragon simulacrum (Coc:3)
  4 flayed ghosts
  3 shadow demons (Pan)
  13 deep trolls
  An obsidian statue (Zig:11)
  4 sea snakes
  A tengu zombie (Vaults:3)
  4 glowing orange brains
  4 naga ritualists
  3 deep elf archers
  2 shadow dragon zombies
  5 orc knights
  13 ironbound convokers
  A lindwurm (shapeshifter) (D:14)
  3 harpies (Shoals:4)
  7 necromancers
  The ghost of CoolPlay the Thaumaturge, a novice MeEE of Cheibriados (D:9)
  7 wizards
  2 deep elf pyromancers
  5 lindwurms
  16 ugly things
  2 phantasmal warriors
  7 orc sorcerers
  5 fauns
  An ugly thing zombie (Vaults:3)
  7 cyclopes
  A shining eye (shapeshifter) (Vaults:3)
  12 mana vipers
  3 merfolk sirens
  11 salamanders
  6 manticores
  5 elephants (Lair:5)
  A demonspawn zombie (Pan)
  2 rust devils
  A moth of wrath (shapeshifter) (Zig:9)
  20 black mambas
  2 guardian serpents
  A torpor snail (Lair:3)
  2 eyes of devastation
  4 water nymphs
  10 naga magi
  6 cane toads
  33 smoke demons
  3 vault sentinels
  2 shock serpent zombies
  12 orange demons
  2 cane toads (shapeshifter)
  A molten gargoyle (Hell)
  4 hellions
  2 efreet
  12 tormentors
  3 kobold demonologists (Abyss:4)
  2 bunyip simulacra
  6 komodo dragons
  2 iron giant simulacra (Coc:6)
  2 ice devils
  A hellwing (Pan)
  A minotaur skeleton (Pan)
  5 ancient zymes
  25 yaktaurs
  3 demonic crawlers
  2 red devils (Pan)
  A mana viper zombie (Snake:3)
  5 trolls
  A polar bear (Lair:5)
  A shadow dragon simulacrum (Coc:1)
  6 human zombies (Vaults:5)
  10 merfolk
  37 slime creatures
  A silent spectre (Abyss:4)
  A wind drake (Shoals:1)
  3 hornets
  A guardian serpent zombie (Snake:4)
  A raiju (Abyss:4)
  2 snapping turtles (Shoals:4)
  2 dream sheep (Shoals:2)
  17 blink frogs (Lair:5)
  An iron dragon simulacrum (Coc:2)
  A jumping spider (shapeshifter) (Zig:3)
  2 shadows
  A black mamba zombie (Snake:4)
  A dire elephant simulacrum (Coc:1)
  A spriggan (Depths:2)
  Sigmund (D:4)
  3 starcursed masses
  A water elemental (Shoals:4)
  12 ynoxinuls
  62 yaks
  A wyvern (shapeshifter) (Vaults:5)
  2 fire bats (Depths:2)
  2 wyverns
  16 neqoxecs
  2 golden eyes
  3 steam dragons
  4 slime creature zombies
  6 basilisks
  8 vampire mosquitoes
  2 wargs
  4 harpy simulacra
  7 chaos spawn
  A swamp worm (Lair:3)
  A swamp worm (shapeshifter) (Vaults:5)
  A fire bat zombie (Depths:2)
  A deep troll zombie (Vaults:3)
  24 nagas
  A hell hound (Abyss:4)
  A floating eye (shapeshifter) (Vaults:5)
  8 water moccasins
  A hydra simulacrum (Coc:3)
  A floating eye (Abyss:4)
  4 swamp drakes (Lair:3)
  An ice beast (D:6)
  37 orc warriors
  An ettin simulacrum (Coc:3)
  A sky beast (D:5)
  8 ogres
  3 black bears (D:8)
  5 boggarts (D:11)
  5 centaurs
  2 phantoms
  7 kobold brigands
  10 bullfrogs
  A yaktaur zombie (Vaults:3)
  An elf zombie (Ossuary)
  5 gnoll sergeants
  7 scorpions
  8 wights
  4 killer bees
  3 howler monkeys
  2 electric eels (D:10)
  A bullfrog zombie (D:5)
  3 hounds
  2 jellies
  A gnoll bouda (D:9)
  21 orc priests
  3 iguanas
  24 orc wizards
  13 small abominations
  4 naga zombies
  3 mummies
  A howler monkey zombie (D:5)
  15 gnolls
  2 adders
  A shadow imp (D:5)
  3 white imps
  2 ufetubi
  2 worms
  68 orcs
  A ball python (D:1)
  2 endoplasms
  3 giant cockroaches
  2 jackals (D:4)
  8 kobolds
  A bat (D:1)
  4 gnoll zombies (Ossuary)
  2 goblins
  3 goblin zombies (Ossuary)
  2 hobgoblin zombies (Ossuary)
  A kobold zombie (D:6)
  5 orc zombies
  4 rats
  4 creeping infernos
  7 fire vortices
  2 starspawn tentacles
1430 creatures vanquished.

Vanquished Creatures (collateral kills)
  the Royal Jelly (Slime:5)
  An ancient lich (Zig:9)
  Mara (Vaults:5)
  A caustic shrike (Depths:3)
  Geryon (Hell)
  2 golden dragons
  A Tzitzimitl (Pan)
  3 hellephants
  A tentacled monstrosity (Depths:3)
  2 Brimstone Fiends (Geh:7)
  A walking crystal tome (Depths:3)
  3 searing wretches
  2 liches (Depths:3)
  A titan (Coc:2)
  A quicksilver dragon (Depths:3)
  2 sphinxes (Vaults:5)
  An Executioner (Pan)
  10 acid blobs
  6 tentacled starspawn
  A tengu reaver (Vaults:3)
  3 storm dragons (Vaults:5)
  4 azure jellies
  2 fire giants
  3 frost giants
  A rockslime (Slime:5)
  A nagaraja (Zig:4)
  A draconian monk (Zig:10)
  2 iron dragons (Depths:3)
  2 vault wardens (Vaults:5)
  11 balrugs
  A cacodemon (Pan)
  A shard shrike simulacrum (Coc:2)
  A juggernaut zombie (Depths:2)
  An ironbound preserver (Vaults:3)
  2 quicksilver oozes (Slime:5)
  A reaper (Hell)
  2 war gargoyles (Vaults:5)
  A very ugly thing (Vaults:5)
  2 stone giants (Vaults:5)
  A demonspawn corrupter (Zig:7)
  A vampire knight (Depths:3)
  An ironbound thunderhulk (Vaults:5)
  A demonspawn black sun (Pan)
  2 deep elf annihilators
  3 lorocyprocas
  3 spark wasps
  A wendigo (Coc:6)
  3 blizzard demons
  A crystal guardian (Zig:10)
  A deep elf death mage (Vaults:5)
  2 green deaths (Pan)
  2 ettins
  4 merfolk impalers
  A fire dragon (Depths:3)
  3 yaktaur captains
  3 great orbs of eyes (Slime:5)
  A caustic shrike simulacrum (Coc:2)
  2 rakshasas
  2 ice dragons
  3 salamander tyrants
  A juggernaut simulacrum (Coc:6)
  3 naga warriors (Snake:4)
  A merfolk avatar (Shoals:4)
  A death knight (Abyss:4)
  2 deep troll earth magi
  2 merfolk aquamancers (Shoals:4)
  A stoker (Geh:3)
  4 thrashing horrors
  A deep troll shaman (Depths:3)
  A spriggan berserker (Depths:1)
  A vampire mage (Depths:1)
  6 hell hogs
  3 soul eaters
  4 hell knights
  10 sun demons
  3 wretched stars
  7 sixfirhies
  2 iron trolls (Depths:3)
  A shadow wraith (Pan)
  A death drake (Abyss:4)
  9 deep trolls
  A sea snake (Zig:11)
  16 slime creatures
  A shadow demon (Zig:10)
  2 flayed ghosts
  An ironbound convoker (Vaults:5)
  2 lindwurms (Vaults:3)
  A harpy (Shoals:4)
  3 naga ritualists (Snake:4)
  A deep elf archer (Zig:8)
  2 phantasmal warriors (Abyss:4)
  A wizard (Pan)
  A deep elf zephyrmancer (Zig:8)
  An orc knight (Vaults:5)
  An ugly thing (D:14)
  A worldbinder (Abyss:4)
  A deep elf pyromancer (Zig:3)
  3 shining eyes
  A cyclops (Zig:11)
  A faun (Shoals:3)
  5 manticores
  4 water nymphs
  2 salamanders (Snake:4)
  2 ice statues (Zig:11)
  A frost giant skeleton (Depths:2)
  3 guardian serpents
  3 smoke demons
  4 molten gargoyles (Hell)
  An apocalypse crab (Abyss:4)
  2 naga magi (Zig:6)
  2 orange demons
  3 yaktaurs (Vaults:5)
  4 vault sentinels
  6 demonic crawlers (Pan)
  2 freezing wraiths (Coc:2)
  4 ancient zymes
  A tormentor (Geh:2)
  A harpy zombie (Abyss:4)
  2 ice devils (Hell)
  A hellwing (Pan)
  A wind drake (shapeshifter) (Zig:9)
  A wind drake (Zig:11)
  11 merfolk
  3 raiju (Abyss:4)
  A dream sheep (Shoals:2)
  3 snapping turtles
  A stone giant simulacrum (Coc:2)
  9 ynoxinuls
  An ettin skeleton (Abyss:4)
  A fire bat (Depths:2)
  A wraith (Zig:10)
  A basilisk (shapeshifter) (Abyss:4)
  3 chaos spawn
  4 neqoxecs
  2 small abominations (Abyss:4)
  6 nagas
  4 hell hounds
  5 large abominations
  A naga skeleton (Abyss:4)
  7 starcursed masses
  A white imp (Abyss:4)
  An ufetubus (Abyss:4)
  2 orcs (Vaults:5)
  A creeping inferno (Geh:5)
  4 fire vortices
  2 starspawn tentacles (Abyss:4)
360 creatures vanquished.

Vanquished Creatures (others)
  2 eldritch tentacles (Pan)
  A fire giant (Geh:3)
  An acid blob zombie (Slime:5)
  A very ugly thing zombie (Vaults:5)
  A juggernaut simulacrum (Coc:6)
  An azure jelly zombie (Slime:5)
  A titan zombie (Vaults:5)
  3 storm dragon zombies
  A sixfirhy (Pan)
  3 golden dragon zombies
  2 spark wasp zombies (Depths:3)
  2 anaconda zombies (Snake:4)
  2 tengu zombies
  An ironbound convoker (Vaults:5)
  A sphinx zombie (Vaults:5)
  2 frost giant zombies
  3 fire giant zombies
  2 stone giant zombies (Vaults:5)
  A demonspawn zombie (Pan)
  A shock serpent zombie (Snake:4)
  An elf zombie (Vaults:5)
  2 smoke demons (Pan)
  A hellion (Geh:6)
  A swamp worm zombie (Vaults:5)
  5 mana viper zombies
  A fire dragon zombie (Depths:3)
  A guardian serpent zombie (Snake:4)
  A great orb of eyes zombie (Vaults:3)
  2 black mamba zombies
  21 slime creature zombies
  A neqoxec (Pan)
  A wind drake zombie (Shoals:1)
  2 fire bat zombies (Depths:2)
  7 deep troll zombies (Vaults:3)
  7 merfolk zombies (Shoals:4)
  A harpy simulacrum (Coc:6)
  A faun zombie (Shoals:1)
  2 lindwurm zombies (Vaults:3)
  27 human zombies
  3 manticore zombies
  4 yaktaur zombies (Vaults:3)
  3 salamander zombies
  A cyclops zombie (Shoals:4)
  A spriggan zombie (Depths:2)
  An ogre zombie (Vaults:5)
  8 naga zombies (Snake:4)
  2 ball lightnings (Pan)
  A fire vortex (Pan)
  4 foxfires (Abyss:4)
  33 fungi
  101 plants
  12 starspawn tentacles
291 creatures vanquished.

Grand Total: 2081 creatures vanquished

Notes
Turn   | Place    | Note
-------+----------+-------------------------------------------
     0 | D:1      | redmage the Meteoran Earth Elementalist began the quest for
                  | the Orb.
     0 | D:1      | Reached XP level 1. HP: 14/14 MP: 5/5
    62 | D:2      | Reached XP level 2. HP: 20/20 MP: 2/7
    99 | D:2      | Reached skill level 4 in Earth Magic
   106 | D:2      | Learned a level 2 spell: Passwall
   120 | D:1      | Reached XP level 3. HP: 26/26 MP: 6/8
   124 | D:1      | Learned a level 3 spell: Stone Arrow
   190 | D:3      | Noticed Natasha
   321 | D:3      | Learned a level 3 spell: Frozen Ramparts
   340 | D:3      | Identified the +1 pair of gloves "Huyces" {Int+5}
   400 | D:3      | Reached XP level 4. HP: 33/33 MP: 7/10
   466 | D:3      | Found an iron altar of Okawaru.
   473 | D:3      | Found Udalekun's Jewellery Boutique.
   520 | D:4      | Reached skill level 1 in Conjurations
   520 | D:4      | Reached skill level 1 in Ice Magic
   520 | D:4      | Reached XP level 5. HP: 32/38 MP: 6/12
   545 | D:5      | Entered Level 5 of the Dungeon
   575 | D:5      | Reached skill level 5 in Earth Magic
   583 | D:5      | Noticed an ogre
   586 | D:5      | Killed an ogre
   587 | D:5      | Reached XP level 6. HP: 45/45 MP: 7/14
   664 | D:5      | Noticed an ogre
   668 | D:5      | Killed an ogre
   669 | D:5      | Reached skill level 5 in Spellcasting
   669 | D:5      | Reached XP level 7. HP: 50/50 MP: 8/15
   756 | D:4      | Noticed Sigmund
   759 | D:4      | Killed Sigmund
   760 | D:4      | Reached skill level 6 in Earth Magic
   760 | D:4      | Reached XP level 8. HP: 53/57 MP: 9/17
   870 | D:5      | Found a glowing silver altar of Zin.
   964 | D:6      | Found a sand-covered staircase.
   970 | Ossuary  | Entered an ossuary
  1023 | Ossuary  | Reached skill level 5 in Conjurations
  1130 | D:6      | Learned a level 2 spell: Blink
  1165 | D:5      | Reached skill level 7 in Earth Magic
  1165 | D:5      | Gained mutation: You passively map the area around you.
                  | [Meteoran growth]
  1165 | D:5      | Reached XP level 9. HP: 63/63 MP: 12/20
  1166 | D:5      | Reached skill level 1 in Fighting
  1166 | D:5      | Reached skill level 1 in Translocations
  1171 | D:6      | Reached skill level 5 in Ice Magic
  1352 | D:5      | Found Ano Naba's Magic Scroll Boutique.
  1355 | D:5      | Bought a scroll of teleportation for 39 gold pieces
  1355 | D:5      | Bought a scroll of blinking for 97 gold pieces
  1355 | D:5      | Bought a scroll of fear for 52 gold pieces
  1355 | D:5      | Bought a scroll of poison for 52 gold pieces
  1355 | D:5      | Bought a scroll of teleportation for 39 gold pieces
  1378 | D:5      | Found a basalt altar of Yredelemnul.
  1591 | D:7      | Found Nasaowua's Vocational Training.
  1718 | D:7      | Found Opnailao's Assorted Antiques.
  1723 | D:7      | Bought an inky potion for 29 gold pieces
  1800 | D:7      | Found a staircase to the Ecumenical Temple.
  1806 | Temple   | Entered the Ecumenical Temple
  1806 | Temple   | Found a transporter.
  1806 | Temple   | Found a transporter.
  1808 | Temple   | Found a transporter.
  1808 | Temple   | Found a transporter.
  1820 | Temple   | Became a worshipper of Sif Muna the Loreminder
  1935 | D:7      | Reached skill level 1 in Armour
  1935 | D:7      | Reached skill level 8 in Earth Magic
  1941 | D:9      | Noticed a hornet
  2080 | D:8      | Noticed a komodo dragon
  2101 | D:8      | Killed a komodo dragon
  2102 | D:8      | Reached XP level 10. HP: 77/77 MP: 10/23
  2123 | D:8      | Reached skill level 9 in Earth Magic
  2143 | D:8      | Noticed Amaemon
  2289 | D:8      | Reached skill level 10 in Earth Magic
  2290 | D:8      | Found a staircase to the Lair.
  2299 | Lair:1   | Entered Level 1 of the Lair of Beasts
  2318 | Lair:1   | Noticed a cane toad
  2326 | Lair:1   | Reached skill level 10 in Spellcasting
  2327 | Lair:1   | Killed a cane toad
  2343 | Lair:1   | Reached skill level 11 in Earth Magic
  2351 | Lair:1   | Learned a level 7 spell: Storm Form
  2367 | Lair:1   | Noticed a cane toad
  2374 | Lair:1   | Killed a cane toad
  2375 | Lair:1   | Reached skill level 1 in Air Magic
  2375 | Lair:1   | Reached XP level 11. HP: 75/82 MP: 13/26
  2395 | Lair:1   | Reached * piety under Sif Muna
  2451 | Lair:2   | You fall into a shaft and drop 1 floor!
  2496 | Lair:2   | Reached skill level 1 in Invocations
  2532 | Lair:2   | Noticed a lindwurm
  2536 | Lair:2   | Killed a lindwurm
  2622 | Lair:1   | Noticed a black mamba
  2629 | Lair:1   | Killed a black mamba
  2630 | Lair:1   | Reached skill level 5 in Transmutations
  2651 | Lair:3   | Noticed a black mamba
  2657 | Lair:3   | Reached skill level 5 in Invocations
  2660 | Lair:3   | Reached skill level 5 in Air Magic
  2683 | Lair:3   | Noticed a goliath frog
  2687 | Lair:3   | Killed a goliath frog
  2729 | Lair:3   | Found a staircase to the Snake Pit.
  2795 | Lair:3   | Killed a black mamba
  2810 | Lair:2   | Noticed a torpor snail
  2823 | Lair:4   | Noticed a black mamba
  2828 | Lair:4   | Killed a black mamba
  2857 | Lair:4   | Reached XP level 12. HP: 80/89 MP: 21/28
  2894 | Lair:5   | Entered Level 5 of the Lair of Beasts
  2894 | Lair:5   | Noticed a four-headed hydra
  2929 | Lair:4   | Reached ** piety under Sif Muna
  2936 | Lair:4   | Learned a level 5 spell: Blade Hands
  2941 | Lair:4   | Found a viscous altar of Jiyva.
  2942 | Lair:4   | Found a staircase to the Slime Pits.
  2963 | Lair:5   | Reached skill level 1 in Unarmed Combat
  3183 | Lair:5   | Reached skill level 5 in Unarmed Combat
  3260 | Lair:5   | Reached skill level 5 in Dodging
  3266 | Lair:5   | Reached XP level 13. HP: 81/99 MP: 23/29
  3271 | Lair:5   | Reached skill level 5 in Fighting
  3287 | Lair:5   | Reached *** piety under Sif Muna
  3746 | Lair:5   | Reached **** piety under Sif Muna
  3807 | Lair:5   | Reached skill level 10 in Unarmed Combat
  3938 | Lair:5   | Found a corrupted altar of Lugonu.
  3939 | Lair:5   | Found a one-way gate to the infinite horrors of the Abyss.
  4030 | Lair:5   | Killed a four-headed hydra
  4031 | Lair:5   | Reached XP level 14. HP: 113/113 MP: 15/30
  4365 | D:9      | Noticed Harold
  4380 | D:9      | Killed Harold
  4404 | D:9      | Noticed CoolPlay's ghost (novice MeEE)
  4405 | D:9      | Found a runed translucent gate.
  4417 | D:9      | Reached skill level 10 in Transmutations
  4453 | D:9      | Found a runed translucent gate.
  4454 | D:9      | Found a runed translucent gate.
  4485 | D:10     | Entered Level 10 of the Dungeon
  4539 | D:9      | Learned a level 4 spell: Petrify
  4671 | D:9      | Identified the +1 ring mail "Suewaha" {rN+}
  4987 | D:11     | Found a staircase to the Orcish Mines.
  4994 | D:11     | Reached ***** piety under Sif Muna
  5002 | D:11     | Received a gift from Sif Muna
  5003 | D:11     | Got Sif Muna's Textbook on Lethal Conduction {god gift}
  5041 | Orc:1    | Entered Level 1 of the Orcish Mines
  5053 | Orc:1    | Noticed Erolcha
  5238 | Orc:1    | Killed Erolcha
  5269 | Orc:2    | Entered Level 2 of the Orcish Mines
  5332 | Orc:2    | Reached skill level 10 in Air Magic
  5567 | Orc:1    | Noticed an orc warlord
  5688 | Orc:2    | Noticed Nessos
  5705 | Orc:2    | Noticed an orc warlord
  5709 | Orc:2    | Killed Nessos
  5710 | Orc:2    | Reached XP level 15. HP: 66/121 MP: 17/31
  5839 | Orc:2    | Killed an orc warlord
  5926 | Orc:2    | Received a gift from Sif Muna
  5929 | Orc:2    | Got Sif Muna's Reference Book on Lethal Permutations {god
                  | gift}
  5992 | Orc:2    | Found Niunius's Antique Armour Shop.
  5993 | Orc:2    | Found Laqie's Antique Weapon Shop.
  5994 | Orc:2    | Found Polethy's General Store.
  5994 | Orc:2    | Found Ginajow's Book Boutique.
  5999 | Orc:2    | Bought a book of Unlife for 360 gold pieces
  6112 | D:11     | Learned a level 5 spell: Freezing Cloud
  6119 | D:11     | Learned a level 5 spell: Borgnjor's Vile Clutch
  6124 | D:11     | Learned a level 4 spell: Animate Dead
  6219 | D:13     | Reached skill level 1 in Necromancy
  6399 | D:15     | Entered Level 15 of the Dungeon
  6427 | D:14     | Got the Meditations on the Winter and Beckoning
  6507 | D:14     | Found Riupo's Book Emporium.
  6515 | D:14     | Bought Great Wizards, Vol. VII for 390 gold pieces
  6521 | D:14     | Learned a level 4 spell: Passage of Golubria
  6527 | D:14     | Found a stormy altar of Qazlal.
  6634 | D:14     | Found a gate to the Vaults.
  6835 | D:9      | Killed CoolPlay's ghost
  6865 | D:8      | Killed Amaemon
  6914 | Lair:1   | Found a hide-covered altar of Uskayaw.
  6914 | Lair:1   | Found an ornate altar of the Wu Jian Council.
  6934 | Lair:1   | Reached skill level 5 in Necromancy
  6934 | Lair:1   | Reached XP level 16. HP: 128/128 MP: 32/32
  7003 | Lair:3   | Received a gift from Sif Muna
  7004 | Lair:3   | Reached skill level 5 in Translocations
  7004 | Lair:3   | Got Sif Muna's Incunable of Airy Shapes {god gift}
  7089 | Snake:1  | Entered Level 1 of the Snake Pit
  7209 | Snake:2  | Found Hoapemeff's Assorted Antiques.
  7340 | Snake:2  | Got the Almanac of Incendiary Terrain
  7447 | Snake:4  | Entered Level 4 of the Snake Pit
  7447 | Snake:4  | Noticed a nagaraja
  7456 | Snake:4  | Killed a nagaraja
  7522 | Snake:3  | Found Neydeshre's Antique Armour Boutique.
  7644 | Snake:4  | Reached XP level 17. HP: 136/136 MP: 34/34
  7770 | Snake:4  | Noticed a nagaraja
  7774 | Snake:4  | Noticed a nagaraja
  7776 | Snake:4  | Killed a nagaraja
  7777 | Snake:4  | Reached skill level 10 in Invocations
  7777 | Snake:4  | Noticed a nagaraja
  7782 | Snake:4  | Killed a nagaraja
  7782 | Snake:4  | Received a gift from Sif Muna
  7784 | Snake:4  | Noticed a nagaraja
  7790 | Snake:4  | Noticed a nagaraja
  7790 | Snake:4  | Killed a nagaraja
  7790 | Snake:4  | Noticed a nagaraja
  7791 | Snake:4  | Killed a nagaraja
  7802 | Snake:4  | Killed a nagaraja
  7804 | Snake:4  | Killed a nagaraja
  7847 | Snake:4  | Got a serpentine rune of Zot
  7905 | Snake:4  | Noticed a nagaraja
  7910 | Snake:4  | Killed a nagaraja
  7995 | Lair:3   | Learned a level 6 spell: Death Channel
  8001 | Lair:3   | Found a staircase to the Shoals.
  8009 | Shoals:1 | Entered Level 1 of the Shoals
  8049 | Shoals:2 | You are sucked into a shaft and drop 1 floor!
  8054 | Shoals:4 | Entered Level 4 of the Shoals
  8059 | Shoals:4 | Gained mutation: Your body sometimes deteriorates upon
                  | taking damage. [mutagenic glow]
  8185 | Shoals:4 | Gained mutation: You passively map a large area around you.
                  | [Meteoran growth]
  8185 | Shoals:4 | Reached XP level 18. HP: 131/146 MP: 17/36
  8188 | Shoals:4 | Reached skill level 10 in Dodging
  8255 | Shoals:4 | Reached skill level 10 in Fighting
  8353 | Shoals:4 | Received a gift from Sif Muna
  8356 | Shoals:4 | Got Sif Muna's Incunabulum of Malediction and Clouds {god
                  | gift}
  8376 | Shoals:4 | Got a barnacled rune of Zot
  8463 | Shoals:3 | Learned a level 6 spell: Eringya's Noxious Bog
  8543 | Shoals:2 | Found Linamull's Magic Scroll Boutique.
  8551 | Shoals:2 | Bought a scroll of butterflies for 52 gold pieces
  8551 | Shoals:2 | Bought a scroll of teleportation for 39 gold pieces
  8551 | Shoals:2 | Bought a scroll of blinking for 97 gold pieces
  8551 | Shoals:2 | Bought a scroll of teleportation for 39 gold pieces
  8632 | Lair:4   | Learned a level 5 spell: Lightning Bolt
  8674 | Slime:1  | Entered Level 1 of the Pits of Slime
  8685 | Slime:1  | Reached skill level 1 in Poison Magic
  8687 | Slime:1  | Noticed an acid blob
  8695 | Slime:1  | Killed an acid blob
  8698 | Slime:1  | Reached skill level 15 in Spellcasting
  8699 | Slime:1  | Noticed an acid blob
  8703 | Slime:1  | Noticed an acid blob
  8710 | Slime:1  | Killed an acid blob
  8713 | Slime:1  | Killed an acid blob
  8771 | Slime:2  | Noticed an acid blob
  8778 | Slime:2  | Killed an acid blob
  8779 | Slime:2  | Reached skill level 5 in Poison Magic
  8780 | Slime:2  | Reached XP level 19. HP: 76/154 MP: 22/39
  8837 | Slime:2  | Noticed an acid blob
  8851 | Slime:4  | Noticed an acid blob
  8859 | Slime:4  | Killed an acid blob
  8861 | Slime:4  | Received a gift from Sif Muna
  8862 | Slime:4  | Got Hueck's Vellum of Accompaniment and Air {god gift}
  8880 | Slime:5  | Entered Level 5 of the Pits of Slime
  8902 | Slime:5  | Noticed an acid blob
  8908 | Slime:5  | Killed an acid blob
  8929 | Slime:5  | Noticed an acid blob
  8934 | Slime:5  | Found a viscous altar of Jiyva.
  8934 | Slime:5  | Noticed an acid blob
  8935 | Slime:5  | Noticed an acid blob
  8935 | Slime:5  | Noticed the Royal Jelly
  8935 | Slime:5  | Noticed an acid blob
  8939 | Slime:5  | Noticed an acid blob
  8943 | Slime:5  | Killed an acid blob
  8948 | Slime:5  | Killed an acid blob
  8957 | Slime:5  | Noticed an acid blob
  8961 | Slime:5  | Noticed an acid blob
  8962 | Slime:5  | Killed an acid blob
  8963 | Slime:5  | Killed an acid blob
  8964 | Slime:5  | Reached skill level 10 in Necromancy
  8964 | Slime:5  | Noticed an acid blob
  8964 | Slime:5  | Noticed an acid blob
  8965 | Slime:5  | Killed an acid blob
  8965 | Slime:5  | Killed an acid blob
  8966 | Slime:5  | Noticed an acid blob
  8970 | Slime:5  | Killed an acid blob
  8971 | Slime:5  | Noticed an acid blob
  8971 | Slime:5  | Killed an acid blob
  8972 | Slime:5  | Noticed an acid blob
  8972 | Slime:5  | Killed an acid blob
  8972 | Slime:5  | Noticed an acid blob
  8976 | Slime:5  | Noticed an acid blob
  8976 | Slime:5  | Killed the Royal Jelly
  8978 | Slime:5  | Killed an acid blob
  8979 | Slime:5  | Killed an acid blob
  8981 | Slime:5  | Killed an acid blob
  8984 | Slime:5  | Killed an acid blob
  9005 | Slime:5  | Found the +3 warlock's mirror {reflect}
  9005 | Slime:5  | Found the +3 robe of Clouds {*Thunder rCloud rElec}
  9010 | Slime:5  | Killed an acid blob
  9012 | Slime:5  | Identified the ring of Zitoil {rF+ MP+9 Str-5 Dex+4}
  9019 | Slime:5  | Identified the amulet of Dishonesty {Faith +Blink rElec
                  | MP-9 Dex+5}
  9021 | Slime:5  | Identified the +1 robe of Limited Liability {Contam Harm
                  | Archmagi}
  9040 | Slime:5  | Got Dicicaf's Advanced Steps in the Occult
  9047 | Slime:5  | Identified the +9 arbalest "Koedoe Zoit" {vorpal, Str+6}
  9048 | Slime:5  | Identified the +1 chain mail "Coomim" {Slay+3}
  9115 | Slime:5  | Got a slimy rune of Zot
  9430 | D:3      | Bought the ring of Topusa {rC+ Will+ Int+4 Dex+6 SInv} for
                  | 750 gold pieces
  9708 | Vaults:1 | Entered Level 1 of the Vaults
  9720 | Vaults:1 | Reached skill level 1 in Shields
  9773 | Vaults:2 | Identified the +1 leather armour of the Sparrow {+Inv Fly
                  | rF- Regen+}
  9858 | Vaults:3 | Reached XP level 20. HP: 153/161 MP: 29/40
  9937 | Vaults:3 | Found Elinol's General Store.
  9941 | Vaults:3 | Bought a potion of mutation for 160 gold pieces
  9947 | Vaults:3 | Received a gift from Sif Muna
  9958 | Vaults:3 | Reached skill level 5 in Shields
 10083 | Vaults:3 | Reached skill level 15 in Air Magic
 10239 | Vaults:3 | Found a staircase to the Crypt.
 10239 | Vaults:3 | Found a basalt altar of Yredelemnul.
 10332 | Vaults:4 | Learned a level 3 spell: Ignite Poison
 10333 | Vaults:5 | Entered Level 5 of the Vaults
 10337 | Vaults:5 | Received a gift from Sif Muna
 10344 | Vaults:5 | Reached XP level 21. HP: 149/168 MP: 29/44
 10345 | Vaults:5 | Noticed Mara
 10350 | Vaults:5 | Noticed redmage's illusion
 10358 | Vaults:5 | Killed Mara
 10411 | Vaults:5 | Noticed a golden dragon
 10418 | Vaults:5 | Killed a golden dragon
 10419 | Vaults:5 | Reached ****** piety under Sif Muna
 10440 | Vaults:5 | Found Xaik's Weapon Shop.
 10511 | Vaults:5 | Noticed a golden dragon
 10527 | Vaults:5 | Killed a golden dragon
 10629 | Vaults:5 | Learned a level 8 spell: Maxwell's Capacitive Coupling
 10655 | Vaults:5 | Noticed a dread lich
 10668 | Vaults:5 | Killed a dread lich
 10776 | Vaults:5 | Learned a level 5 spell: Manifold Assault
 10790 | Vaults:5 | Found the +7 lajatang of Order {silver, rMut}
 10797 | Vaults:5 | Got a silver rune of Zot
 10808 | Vaults:5 | Got The Arcane Secrets of Sorcery
 10825 | Vaults:5 | Identified the +1 chain mail of the Mind {rPois}
 10876 | Vaults:5 | Noticed a tentacled monstrosity
 10883 | Vaults:5 | Killed a tentacled monstrosity
 10884 | Vaults:5 | Reached XP level 22. HP: 103/171 MP: 30/47
 10932 | Vaults:5 | Identified the +5 trident "Yrrun" {vorpal, Stlth+}
 10962 | Vaults:5 | Received a gift from Sif Muna
 10963 | Vaults:5 | Reached skill level 12 in Earth Magic
 10973 | Vaults:5 | Identified the +9 spear of the Destroying Gods {flame, rF+
                  | rC+ rN+ Str-2}
 11065 | Vaults:3 | Bought an amulet of regeneration for 600 gold pieces
 11065 | Vaults:3 | Bought 2 potions of heal wounds for 200 gold pieces
 11122 | Vaults:2 | Reached skill level 13 in Earth Magic
 11323 | Orc:2    | Bought a book of Annihilations for 600 gold pieces
 11324 | Orc:2    | Bought a potion of cancellation for 112 gold pieces
 11497 | D:15     | Found a staircase to the Depths.
 11505 | Depths:1 | Entered Level 1 of the Depths
 11517 | Depths:1 | Found a one-way gateway to a ziggurat.
 11580 | Depths:2 | Found Fuew's Weapon Emporium.
 11583 | Depths:2 | Found Zilomot's Antique Weapon Shoppe.
 11583 | Depths:2 | Found Jonlijeu's Magic Scroll Emporium.
 11618 | Depths:2 | Bought a scroll of immolation for 84 gold pieces
 11618 | Depths:2 | Bought a scroll of teleportation for 63 gold pieces
 11618 | Depths:2 | Bought a scroll of blinking for 157 gold pieces
 11618 | Depths:2 | Bought a scroll of summoning for 199 gold pieces
 11633 | Depths:2 | Reached skill level 14 in Earth Magic
 11650 | Depths:3 | Noticed a golden dragon
 11658 | Depths:3 | Killed a golden dragon
 11680 | Depths:3 | Identified the +1 robe "Zivuan" {rPois Regen+ MP-9 Str-4}
 11686 | Depths:3 | Received a gift from Sif Muna
 11687 | Depths:3 | Got Sif Muna's Precepts of Changed Vapour {god gift}
 11698 | Depths:3 | Noticed a golden dragon
 11698 | Depths:3 | Noticed a golden dragon
 11710 | Depths:3 | Killed a golden dragon
 11711 | Depths:3 | Killed a golden dragon
 11730 | Depths:3 | Noticed Louise
 11736 | Depths:3 | Found a gateway to Hell.
 11738 | Depths:3 | Killed Louise
 11740 | Depths:3 | Noticed a golden dragon
 11742 | Depths:3 | Noticed a caustic shrike
 11748 | Depths:3 | Killed a golden dragon
 11750 | Depths:3 | Killed a caustic shrike
 11751 | Depths:3 | Reached skill level 15 in Earth Magic
 11759 | Depths:3 | Reached XP level 23. HP: 86/178 MP: 31/49
 11775 | Depths:3 | Noticed a golden dragon
 11785 | Depths:3 | Killed a golden dragon
 11883 | Depths:2 | Found the +7 mace of Variability {chain chaos}
 11967 | Depths:1 | Found Ginneep's Assorted Antiques.
 11970 | Depths:1 | Bought a potion of magic for 360 gold pieces
 12041 | Depths:1 | Found a hide-covered altar of Uskayaw.
 12073 | Depths:2 | Found a one-way gate leading to the halls of Pandemonium.
 12107 | Depths:2 | Learned a level 6 spell: Statue Form
 12108 | Pan      | Entered Pandemonium
 12151 | Pan      | Received a gift from Sif Muna
 12153 | Pan      | Reached skill level 16 in Earth Magic
 12232 | Pan      | Entered the realm of Gloorx Vloq.
 12372 | Pan      | Noticed Gloorx Vloq
 12386 | Pan      | Killed Gloorx Vloq
 12393 | Pan      | Reached XP level 24. HP: 23/195 MP: 11/50
 12403 | Pan      | Got a dark rune of Zot
 12515 | Pan      | Identified the +7 lajatang of Conversion {drain, Str+6}
 12600 | Pan      | Reached skill level 17 in Earth Magic
 12706 | Pan      | Reached skill level 1 in Staves
 12743 | Pan      | Received a gift from Sif Muna
 12743 | Pan      | Noticed Ogilli Rele the pandemonium lord
 12850 | Pan      | Identified the +7 chain mail of Zotykhle {Fly Int+6 SInv
                  | Stlth-}
 12968 | Pan      | Learned a level 6 spell: Iron Shot
 13048 | Pan      | Noticed Boro the pandemonium lord
 13052 | Pan      | Killed Boro the pandemonium lord
 13084 | Pan      | Reached skill level 5 in Staves
 13108 | Pan      | Got a demonic rune of Zot
 13148 | Pan      | Entered the realm of Lom Lobon.
 13186 | Pan      | Identified the +6 mace of Tenacity {freeze, *Noise Dex+5}
 13195 | Pan      | Received a gift from Sif Muna
 13198 | Pan      | Got Fimnuwke's Volume of Excruciating Superposition {god
                  | gift}
 13201 | Pan      | Learned a level 1 spell: Apportation
 13296 | Pan      | Noticed Lom Lobon
 13304 | Pan      | Killed Lom Lobon
 13305 | Pan      | Reached skill level 18 in Earth Magic
 13344 | Pan      | Got a magical rune of Zot
 13399 | Pan      | Entered the realm of Cerebov.
 13476 | Pan      | Reached skill level 19 in Earth Magic
 13500 | Pan      | Found the +6 sword of Cerebov {flame}
 13500 | Pan      | Noticed Cerebov
 13511 | Pan      | Killed Cerebov
 13512 | Pan      | Reached XP level 25. HP: 153/202 MP: 36/51
 13519 | Pan      | Identified the amulet "Vuwnywna" {RegenMP Dex+5}
 13532 | Pan      | Got a fiery rune of Zot
 13577 | Pan      | Reached skill level 20 in Earth Magic
 13580 | Pan      | Identified the ring "Fuasaarr" {rC+ EV+4 Str+3}
 13587 | Pan      | Identified the +1 leather armour of the Sun {Harm rF++
                  | rCorr Str-2}
 13588 | Pan      | Identified the +8 mace "Safiymn" {elec, *Rage MP+9 Int+2}
 13605 | Pan      | Identified the ring of Jyf Qoan {Fire +Blink rElec Dex+3}
 13611 | Pan      | Identified the +1 crystal plate armour "Nexzi" {rF- rN++
                  | Int+3 Stlth+}
 13630 | Pan      | Identified the +1 leather armour of Midnight {*Corrode rC-
                  | Regen+ Dex+8}
 13631 | Pan      | Identified the +1 broad axe "Rowar" {vamp, rC++ rN+ Dex-4
                  | Stlth+}
 13806 | Pan      | Entered the realm of Mnoleg.
 13821 | Pan      | Gained mutation: You occasionally lose the ability to drink
                  | potions when taking damage. [a neqoxec]
 13862 | Pan      | Received a gift from Sif Muna
 13864 | Pan      | Got Sif Muna's Exposition on Blight and Profane Mysteries
                  | {god gift}
 13882 | Pan      | Learned a level 8 spell: Infestation
 13925 | Pan      | Noticed Mnoleg
 14025 | Pan      | Killed Mnoleg
 14064 | Pan      | Got a glowing rune of Zot
 14094 | Pan      | Gained mutation: You occasionally shout uncontrollably at
                  | your foes. [a neqoxec]
 14280 | Depths:2 | Escaped Pandemonium
 14390 | Zig:1    | Entered Level 1 of a ziggurat
 14402 | Zig:2    | Entered Level 2 of a ziggurat
 14418 | Zig:3    | Entered Level 3 of a ziggurat
 14447 | Zig:4    | Entered Level 4 of a ziggurat
 14456 | Zig:4    | Received a gift from Sif Muna
 14457 | Zig:4    | Got Sif Muna's Catalogue of the Macabre Geologist {god
                  | gift}
 14476 | Zig:4    | Identified the ring "Elipt" {Will+ rCorr}
 14482 | Zig:5    | Entered Level 5 of a ziggurat
 14509 | Zig:5    | Identified the +5 whip of Infinity {drain, *Noise Int+3}
 14521 | Zig:6    | Entered Level 6 of a ziggurat
 14535 | Zig:6    | Reached skill level 15 in Necromancy
 14554 | Zig:6    | Identified the +4 battleaxe of Blind Justice {spect, rPois
                  | Dex+9}
 14556 | Zig:6    | Lost mutation: You occasionally shout uncontrollably at
                  | your foes. [potion of mutation]
 14556 | Zig:6    | Lost mutation: Your body sometimes deteriorates upon taking
                  | damage. [potion of mutation]
 14556 | Zig:6    | Gained mutation: You have a pair of small horns on your
                  | head. [potion of mutation]
 14556 | Zig:6    | Gained mutation: You are robust. (+10% HP) [potion of
                  | mutation]
 14557 | Zig:6    | Lost mutation: You occasionally lose the ability to drink
                  | potions when taking damage. [potion of mutation]
 14557 | Zig:6    | Lost mutation: You are robust. (+10% HP) [potion of
                  | mutation]
 14557 | Zig:6    | Lost mutation: You have a pair of small horns on your head.
                  | [potion of mutation]
 14557 | Zig:6    | Gained mutation: Your body sometimes deteriorates upon
                  | taking damage. [potion of mutation]
 14557 | Zig:6    | Gained mutation: You are strong-willed. (Will+) [potion of
                  | mutation]
 14560 | Zig:7    | Entered Level 7 of a ziggurat
 14571 | Zig:7    | Reached XP level 26. HP: 210/210 MP: 23/51
 14577 | Zig:7    | Found the +2 Maxwell's thermic engine {flame, freeze}
 14592 | Zig:8    | Entered Level 8 of a ziggurat
 14615 | Zig:8    | Found the +3 giant club "Skullcrusher" {speed, Str+7}
 14629 | Zig:9    | Entered Level 9 of a ziggurat
 14641 | Zig:9    | Noticed a dread lich
 14641 | Zig:9    | Noticed an ancient lich
 14642 | Zig:9    | Noticed a dread lich
 14646 | Zig:9    | Killed a dread lich
 14647 | Zig:9    | Reached skill level 21 in Earth Magic
 14650 | Zig:9    | Killed an ancient lich
 14651 | Zig:9    | Killed a dread lich
 14665 | Zig:9    | Identified the +3 dagger of Sudden Death {distort, Fly
                  | Dex+3}
 14666 | Zig:9    | Identified the +7 rapier of the Coward {vorpal, rN+}
 14672 | Zig:9    | Got the Anthology of Forceful Gusts
 14674 | Zig:10   | Entered Level 10 of a ziggurat
 14692 | Zig:10   | Received a gift from Sif Muna
 14700 | Zig:10   | Got Koojetty's Incunable of Bedrock and Striking {god gift}
 14724 | Zig:10   | Got the Guidebook on the Inferno and Pestilence
 14725 | Zig:10   | Reached skill level 22 in Earth Magic
 14725 | Zig:10   | Reached XP level 27. HP: 163/194 MP: 41/51
 14737 | Zig:10   | Learned a level 9 spell: Shatter
 14745 | Zig:11   | Entered Level 11 of a ziggurat
 14778 | Zig:11   | Identified the +5 dagger "Pofalide" {drain, +Blink rElec
                  | rC+}
 14779 | Zig:11   | Identified the +3 lajatang of Imbalance {venom, rCorr Int+4
                  | Stlth-}
 14799 | Depths:1 | Reached skill level 23 in Earth Magic
 14859 | Depths:3 | Voluntarily entered the Abyss.
 14859 | Abyss:1  | Found a corrupted altar of Lugonu.
 14905 | Abyss:3  | Found a corrupted altar of Lugonu.
 15062 | Abyss:4  | Noticed a dread lich
 15122 | Abyss:4  | Received a gift from Sif Muna
 15125 | Abyss:4  | Got Sif Muna's Octavo of Exhumation and Attacks {god gift}
 15215 | Abyss:4  | Paralysed by a floating eye for 4 turns
 15229 | Abyss:4  | Got an abyssal rune of Zot
 15301 | Depths:3 | Escaped the Abyss
 15318 | Hell     | Entered the Vestibule of Hell
 15318 | Hell     | Noticed Geryon
 15330 | Hell     | Killed Geryon
 15335 | Hell     | Reached skill level 24 in Earth Magic
 15338 | Hell     | Found a gateway to the freezing wastes of Cocytus.
 15339 | Hell     | Received a gift from Sif Muna
 15378 | Hell     | Found a gateway to the ashen valley of Gehenna.
 15389 | Geh:1    | Entered Level 1 of Gehenna
 15438 | Geh:2    | You fall into a shaft and drop 1 floor!
 15685 | Geh:6    | Received a gift from Sif Muna
 15687 | Geh:6    | HP: 6/260 [hellion/damnation (29)]
 15721 | Geh:7    | Entered Level 7 of Gehenna
 15792 | Geh:7    | Identified the ring "Godergh" {rPois Str+3 Dex+3}
 15797 | Geh:7    | Identified the +1 ring mail "Cicis" {rC++ Int-4}
 15805 | Geh:7    | Found the +7 sceptre of Asmodeus
 15805 | Geh:7    | Noticed Asmodeus
 15814 | Geh:7    | Killed Asmodeus
 15815 | Geh:7    | Reached skill level 10 in Staves
 15824 | Geh:7    | Reached skill level 15 in Dodging
 15844 | Geh:7    | Got an obsidian rune of Zot
 15908 | Coc:1    | Entered Level 1 of Cocytus
 15940 | Coc:2    | Received a gift from Sif Muna
 16000 | Coc:3    | You are sucked into a shaft and drop 3 floors!
 16009 | Coc:6    | HP: 3/266 [elemental wellspring/torrent of water (47)]
 16009 | Coc:6    | Slain by a freezing wraith

Illustrated notes

Levels and vault maps discovered:
D:1:      dpeg_arrival_renting, layout_loops_ring,
          hangedman_abyss_or_decor_stabs
D:2:      layout_basic, eino_tiny_chamber,
          nicolae_concentric_dashed_squares_mild
D:3:      layout_basic, nemelex_dance_club_becter, okawaru_trees_1,
          serial_shops, shop, corexii_leaking_fountain, uniq_natasha,
          uniq_terence
D:4:      layout_rooms, solitary_fountain, minmay_misc_feat_hallway,
          uniq_sigmund
D:5:      layout_cave_pods, lemuel_zombie_altar_yredelemnul, zin_statuary,
          serial_shops, nicolae_shop_behind_doors
D:6:      layout_gridville, kennysheep_slug_shrine, nicolae_ossuary_entry_giza,
          supply_closet_lemuel, roderic_lattice_a
D:7:      layout_loops_cross, minmay_temple_entry_statues_pillars, serial_shops,
          shop, nicolae_shop_vocational
D:8:      layout_gridville, due_lair_maze_entry_diamond,
          serial_co_window_serial, co_window_corner_a, co_window_corner_a,
          co_window_paths_b, co_window_paths_a, co_window_corner_a,
          co_window_of_opportunity_a, co_window_2corner, co_window_corner_cb,
          co_window_broadway_a, glass_columns_b, glass_columns_a,
          glass_columns_a, glass_columns_b, uniq_amaemon
D:9:      layout_cave_pools, serial_rivers, chequers_serial_rivers_large_b,
          chequers_serial_rivers_micro_b, chequers_serial_rivers_micro_c,
          chequers_serial_rivers_micro_a, chequers_serial_rivers_small_b,
          ebering_ghost_rock_garden, kennysheep_generic_room_5, uniq_maurice,
          uniq_erica, uniq_harold
D:10:     layout_loops_cross, nicolae_trove_entry_columns, serial_bayou,
          serial_bayou_lake_a, serial_bayou_pond_e, serial_bayou_lagoon_b,
          serial_bayou_pond_e, serial_bayou_shore_b
D:11:     layout_stronghold, kennysheep_orc_monster_closet_entryway
D:12:     layout_irregular_city
D:13:     layout_irregular_city, uniq_azrael
D:14:     layout_rooms, david_vaults_4, serial_shops, shop_statue,
          nicolae_qazlal_eye_of_the_storm, unseen_surprise_small
D:15:     hangedman_depths_entry_civil_slaughter, layout_grid_maze,
          serial_park_tiny_pond, drop_trap, uniq_jorgrun
Temple:   hellmonk_temple_divided_pantheon
Lair:1:   layout_roguey, nzn_masters_of_martial_movement
Lair:2:   layout_cave_pods, amcnicky_mini_pool_medium
Lair:3:   onia_ninara_swampy_vault, layout_regular_city, shoals_dummy_entry,
          guppyfry_snake_entry_island
Lair:4:   layout_loops_ring, slime_entry_1, nzn_ghost_randoct
Lair:5:   hellmonk_lair_end_abyssal_woods, layout_cave_shapes
Shoals:1: layout_shoals
Shoals:2: layout_shoals, serial_shops, shop_fountains, nicolae_shop_stone, shop,
          uniq_ilsuiw
Shoals:3: layout_shoals
Shoals:4: shoals_end_grunt_ice, layout_shoals, shoal_ilsuiw
Snake:1:  layout_onion_interference, st_stairs_13, minmay_shoptagon
Snake:2:  layout_chambers, serial_shops, nicolae_shop_hallway_stairs,
          grunt_ministairs_2, grunt_megastairs_4
Snake:3:  layout_chambers, serial_shops, shop, nicolae_triple_integral,
          serial_bayou_shore_b
Snake:4:  johnstein_snake_rune_scales, layout_cave_town,
          nicolae_fountain_basement
Slime:1:  layout_caves, basic_altar
Slime:2:  layout_caves
Slime:3:  layout_caves
Slime:4:  layout_caves
Slime:5
Orc:1:    layout_caves, uniq_erolcha
Orc:2:    st_orc_congregation, layout_diamond_mine, mines1_david, uniq_nessos
Vaults:1: infiniplex_enter_wizlab_glasses, hangedman_vaults_corner_blocks,
          v_alt_pattern_4, nicolae_vaults_hallways_thing,
          hangedman_vaults_snaps, ontoclasm_vaults_shuriken,
          nicolae_vaults_little_squares_3, vaults_mumra_minichess, v_misc_17,
          nicolae_vaults_network_star, layout_vaults_omnibox
Vaults:2: vaults_dpeg_spiral, grunt_vaults_hallway_short,
          gammafunk_sealed_arena, ontoclasm_vaults_misaligned, v_misc_4,
          nicolae_vaults_little_squares_2, vaults_dpeg_ring,
          vaults_dpeg_diagonal, vaults_room_octagon, v_misc_33, v_misc_8,
          nicolae_vaults_alarming, layout_vaults_big_cross
Vaults:3: v_alt_pattern_5, nicolae_vaults_big_ls, grunt_vaults_funnel,
          nicolae_vaults_halls_meeting, v_rooms_5,
          minmay_crypt_entry_necro_gods, ontoclasm_vaults_ligature,
          hangedman_vaults_trim, v_misc_22, serial_ice_b,
          nicolae_vaults_mini_display_case, ontoclasm_vaults_claustrophobia,
          vaults_room_stairs_pillars, v_misc_22, layout_vaults_big_room,
          serial_shops, nicolae_shop_behind_doors
Vaults:4: ontoclasm_vaults_chip, v_misc_33, grunt_vaults_trifunnel,
          vaults_mumra_lcd, nicolae_vaults_rhombus_6, v_misc_17,
          nicolae_vaults_twisting_passages, vaults_mumra_chevron_long,
          v_misc_13, nicolae_vaults_theta, v_misc_10, v_pattern_3,
          vaults_room_pool, v_misc_17, layout_vaults_maze_bifur
Vaults:5: uniq_mara
Depths:1: layout_roguey, enter_ziggurat_c, serial_shops,
          nicolae_shop_behind_doors, fedhas_altar_fruit_tree, grunt_metal_band,
          nicolae_uskayaw_suspiria, grunt_megastairs_2, serial_bayou_shore_a,
          uniq_enchantress
Depths:2: kennysheep_cluttered_fort, layout_cave_shapes, corexii_corridor_pit,
          hell_entry, grunt_pan_entry_spiral, minmay_shop_star,
          serial_bayou_shore_b, infiniplex_staircase_zigzag_5
Depths:3: minmay_central_circle, layout_cave_pools,
          nicolae_abyss_entry_one_way_or_another, hell_entry,
          kennysheep_cluttered_room
Hell
Geh:1:    layout_gehenna_pools_triple, nicolae_geh_lava_rosette
Geh:2:    layout_gehenna_lava_caves
Geh:3:    layout_gehenna_pools_box
Geh:4:    layout_gehenna_lava_caves
Geh:5:    layout_gehenna_pools_basic
Geh:6:    layout_gehenna_lava_caves
Geh:7:    geh_old
Coc:1:    layout_ice_bergs
Coc:2:    layout_ice_bergs
Coc:3:    layout_ice_bergs
Coc:6:    layout_cocytus_water_paths

Skill      XL: |  1  2  3  4  5  6  7  8  9 10 11 12 13 14 15 16 17 18 19 20 21 22 23 24 25 26 27 |
---------------+----------------------------------------------------------------------------------+-----
Spellcasting   | 3 4 5 6 8 10 11 12 13 15 18 20 21 22 23 | 23.3
Earth Magic    | 4 5 6 7 8 11 15 16 19 20 22 24 | 24.0
Conjurations   | 1 2 3 4 5 7 8 |  8.0
Ice Magic      | 1 2 3 4 5 6 |  6.0
Fighting       | 3 4 7 8 9 10 12 14 | 14.0
Translocations | 4 8 |  8.0
Armour         | 1 3 |  3.0
Transmutations | 2 6 7 8 12 14 | 14.0
Air Magic      | 1 6 10 13 14 15 17 18 | 18.0
Invocations    | 7 8 9 11 12 | 12.0
Unarmed Combat | 6 10 11 12 | 12.0
Dodging        | 5 7 8 9 10 12 15 | 15.1
Necromancy     | 5 6 9 12 15 16 17 | 17.0
Poison Magic   | 5 8 |  8.0
Shields        | 3 6 |  6.0
Staves         | 5 6 11 | 11.4
Stealth        | |  1.4

Action                   |  1- 3 |  4- 6 |  7- 9 | 10-12 | 13-15 | 16-18 | 19-21 | 22-24 | 25-27 || total
-------------------------+-------+-------+-------+-------+-------+-------+-------+-------+-------++-------
Melee: Flail             |       |     3 |     8 |     5 |    13 |       |       |       |       ||    29
       Unarmed           |       |       |       |    70 |   438 |   256 |   175 |   380 |   203 ||  1522
       Punch             |       |       |       |     7 |    43 |    27 |    25 |    44 |    23 ||   169
       Staff             |       |       |       |       |       |       |     1 |     9 |       ||    10
       Lajatang          |       |       |       |       |       |       |       |       |    37 ||    37
 Cast: Sandblast         |    28 |    15 |    85 |    78 |    74 |       |       |       |       ||   280
       Passwall          |     1 |     1 |    13 |     3 |    14 |    13 |     9 |    33 |    17 ||   104
       Stone Arrow       |       |     4 |    34 |    50 |   134 |    11 |       |       |       ||   233
       Frozen Ramparts   |       |       |     1 |    24 |    32 |       |       |       |       ||    57
       Blink             |       |       |       |     2 |    14 |     1 |     2 |       |     2 ||    21
       Blade Hands       |       |       |       |     6 |    23 |       |       |       |       ||    29
       Petrify           |       |       |       |       |    15 |     1 |       |       |       ||    16
       Passage of Golubr |       |       |       |       |    19 |   115 |   114 |   243 |   162 ||   653
       Storm Form        |       |       |       |       |     9 |    18 |    14 |    27 |    20 ||    88
       Animate Dead      |       |       |       |       |     2 |    12 |    13 |    11 |       ||    38
       Freezing Cloud    |       |       |       |       |     1 |    44 |    32 |    38 |    57 ||   172
       Borgnjor's Vile C |       |       |       |       |       |    20 |    43 |    55 |    89 ||   207
       Eringya's Noxious |       |       |       |       |       |     5 |    22 |     7 |       ||    34
       Death Channel     |       |       |       |       |       |     1 |    15 |    26 |    25 ||    67
       Lightning Bolt    |       |       |       |       |       |       |    11 |    17 |    11 ||    39
       Ignite Poison     |       |       |       |       |       |       |     1 |       |       ||     1
       Maxwell's Capacit |       |       |       |       |       |       |     1 |     4 |     5 ||    10
       Manifold Assault  |       |       |       |       |       |       |       |    11 |     3 ||    14
       Statue Form       |       |       |       |       |       |       |       |     6 |    18 ||    24
       Iron Shot         |       |       |       |       |       |       |       |    11 |   112 ||   123
       Apportation       |       |       |       |       |       |       |       |     6 |    90 ||    96
       Infestation       |       |       |       |       |       |       |       |       |    62 ||    62
       Shatter           |       |       |       |       |       |       |       |       |    12 ||    12
Invok: Channel Magic     |       |       |       |       |     4 |     2 |     2 |     4 |    11 ||    23
       Forget Spell      |       |       |       |       |     2 |     1 |       |       |     1 ||     4
 Abil: End Transformatio |       |       |       |     1 |    13 |     2 |     1 |     5 |     8 ||    30
       Blinkbolt         |       |       |       |       |    21 |    26 |    15 |    39 |    21 ||   122
Evoke: Wand              |       |       |       |       |    10 |     1 |       |     1 |     3 ||    15
       Tin of tremorston |       |       |       |       |     2 |       |       |       |     2 ||     4
       Phantom mirror    |       |       |       |       |       |     1 |     1 |     1 |       ||     3
  Use: Scroll            |       |     4 |     2 |     7 |    10 |     7 |     5 |     7 |     4 ||    46
       Potion            |       |       |       |       |     6 |     1 |       |     6 |    13 ||    26
 Stab: Petrified         |       |       |       |       |    37 |     2 |       |       |       ||    39
       Petrifying        |       |       |       |       |     3 |     1 |       |       |       ||     4
       Distracted        |       |       |       |       |       |       |     3 |     8 |     4 ||    15
       Sleeping          |       |       |       |       |       |       |       |       |     1 ||     1
Armor: Robe              |     3 |     5 |     6 |    34 |     2 |       |       |       |       ||    50
       Ring mail         |       |       |       |       |    76 |       |       |       |       ||    76
       Troll leather arm |       |       |       |       |    18 |     2 |     1 |     2 |     9 ||    32
       Steam dragon scal |       |       |       |       |     9 |       |       |       |       ||     9
       Skin              |       |       |       |       |    28 |    82 |    50 |   164 |   256 ||   580
Dodge: Dodged            |     2 |     2 |    12 |    86 |   319 |   257 |   214 |   621 |   586 ||  2099
Block: Buckler           |       |       |       |       |       |       |     3 |    36 |    59 ||    98
       Reflection        |       |       |       |       |       |       |     2 |     1 |     4 ||     7
